 Dungeon Crawl Stone Soup version 0.28-a0-203-gf40de95187 (console) character file.

Game seed: 15944528828002112169

47904 FIQ the Destroyer (level 14, 0/85 HPs)
             Began as a Demonspawn Fire Elementalist on Aug 20, 2021.
             Was an Initiate of Gozag.
             Slain by a minotaur (13 damage)
             ... on level 6 of the Lair of Beasts.
             The game lasted 01:34:18 (31586 turns).

FIQ the Destroyer (Demonspawn Fire Elementalist)   Turns: 31586, Time: 01:34:18

Health: 0/85       AC: 19    Str: 10      XL:     14   Next: 10%
Magic:  6/29       EV: 17    Int: 24 (26) God:    Gozag
Gold:   4944       SH:  0    Dex: 15 (16) Spells: 15/35 levels left

rFire   + . .      SeeInvis .   x - +6 quarterstaff {vorpal, Int+3}
rCold   . . .      Faith    .   (shield currently unavailable)
rNeg    . . .      Spirit   .   K - +0 swamp dragon scales
rPois   +          Reflect  .   (helmet unavailable)
rElec   +          Harm     .   A - +0 cloak
rCorr   .          Rampage  .   u - +2 pair of gloves
Will    ++...                   t - +0 pair of boots
Stlth   +.........              o - amulet of regeneration
HPRegen 1.24/turn               v - ring of Nosaumy {rElec AC+4 Dex+2}
MPRegen 0.21/turn               Z - ring "Liphoez" {Will+ EV+4 Int+3}

@: no status effects
A: horns 3, sharp scales 3, demonic magic 1, deformed body, deterioration 1,
fire resistance 1
a: Renounce Religion, Potion Petition, Call Merchant, Bribe Branch


You were on level 6 of the Lair of Beasts.
You worshipped Gozag.
Gozag was most pleased with you.
You visited 2 branches of the dungeon, and saw 16 of its levels.
You also visited: Ossuary and Bailey.

You collected 4944 gold pieces.

Inventory:

Hand Weapons
 e - a +2 dagger of venom
 x - the +6 quarterstaff of the Hungering Big Fish (weapon) {vorpal, Int+3}
   (You found it on level 6 of the Dungeon)

   It inflicts extra damage upon your enemies.
   Int:       It affects your intelligence (+3).
 y - a +2 broad axe of flaming
 C - a +2 halberd of protection
 I - a +0 dagger of draining
Missiles
 p - 9 throwing nets
Armour
 a - a +0 robe
 l - a +2 hat of willpower
 r - a +2 buckler
 t - a +0 pair of boots (worn)
 u - a +2 pair of gloves (worn)
 A - a +0 cloak (worn)
 K - +0 swamp dragon scales (worn)
Jewellery
 b - a ring of ice
 n - a +6 ring of dexterity
 o - an amulet of regeneration (around neck)
 v - the ring of Nosaumy (left hand) {rElec AC+4 Dex+2}
   (You found it on level 6 of the Dungeon)

   [ring of protection]

   AC:        It affects your AC (+4).
   Dex:       It affects your dexterity (+2).
   rElec:     It insulates you from electricity.
 U - a ring of see invisible
 Z - the ring "Liphoez" (right hand) {Will+ EV+4 Int+3}
   (You found it on level 6 of the Lair of Beasts)

   [ring of evasion]

   EV:        It affects your evasion (+4).
   Int:       It affects your intelligence (+3).
   Will:      It increases your willpower.
Wands
 f - a wand of paralysis (19)
 h - a wand of charming (8)
 q - a wand of acid (6)
 G - a wand of iceblast (51)
 M - a wand of polymorph (8)
 X - a wand of mindburst (19)
Scrolls
 c - 4 scrolls of fog
 m - 6 scrolls of teleportation
 s - 8 scrolls of identify
 E - 3 scrolls of magic mapping
 J - 4 scrolls of amnesia
 P - a scroll of holy word
 R - 2 scrolls of brand weapon
 S - 2 scrolls of enchant weapon
 V - a scroll of fear
 W - a scroll of immolation
Potions
 d - 6 potions of curing
 g - 2 potions of heal wounds
 i - 2 potions of brilliance
 j - a potion of cancellation
 k - 4 potions of might
 z - 4 potions of flight
 B - a potion of invisibility
 D - 3 potions of attraction
 F - a potion of magic
 L - 2 potions of berserk rage
 N - 2 potions of degeneration
 O - a potion of haste
 T - a potion of resistance
Miscellaneous
 H - a phial of floods
 Q - a phial of floods


   Skills:
 + Level 9.6 Armour
 - Level 6.3 Dodging
 - Level 1.7 Stealth
 - Level 4.0 Shields
 + Level 11.4 Spellcasting
 + Level 12.2 Conjurations
 + Level 11.5 Fire Magic


You had 15 spell levels left.
You knew the following spells:

 Your Spells              Type           Power      Damage    Failure   Level
a - Foxfire               Conj/Fire      100%       2x1d9     1%          1
b - Blink                 Tloc           N/A        N/A       14%         2
c - Sticky Flame          Conj/Fire      63%        2d8       1%          4
d - Inner Flame           Hex/Fire       41%        N/A       2%          3
e - Fireball              Conj/Fire      31%        3d13      1%          5
f - Bolt of Magma         Conj/Fire/Erth 25%        4d12      11%         5

Your spell library contained the following spells:

 Spells                   Type           Power      Damage    Failure   Level
 Static Discharge         Conj/Air       43%        N/A       1%          2
 Conjure Flame            Conj/Fire      63%        6-21      1%          3
 Stone Arrow              Conj/Erth      86%        3d12      2%          3
 Animate Skeleton         Necr           26%        N/A       10%         1
 Apportation              Tloc           26%        N/A       10%         1
 Beastly Appendage        Tmut           26%        N/A       10%         1
 Corona                   Hex            14%        N/A       10%         1
 Sandblast                Erth           26%        2d8       10%         1
 Summon Small Mammal      Summ           52%        N/A       10%         1
 Passwall                 Tmut/Erth      10%        N/A       14%         2
 Sublimation of Blood     Necr           6%         N/A       14%         2
 Wereblood                Tmut           13%        N/A       14%         2
 Lightning Bolt           Conj/Air       21%        1d36      22%         5
 Gell's Gravitas          Tloc           6%         N/A       28%         3
 Lesser Beckoning         Tloc           6%         N/A       28%         3
 Spider Form              Tmut/Pois      6%         N/A       28%         3
 Teleport Other           Tloc           13%        N/A       28%         3
 Dispel Undead            Necr           13%        3d9       67%         4
 Summon Ice Beast         Ice/Summ       13%        N/A       67%         4
 Lee's Rapid Deconstruct  Erth           6%         3d7*      95%         5
 Manifold Assault         Tloc           13%        N/A       95%         5
 Summon Mana Viper        Hex/Summ       13%        N/A       95%         5
 Dispersal                Tloc           6%         N/A       100%        6
 Monstrous Menagerie      Summ           6%         N/A       100%        7
 Summon Hydra             Summ           6%         N/A       100%        7
 Maxwell's Capacitive Co  Air            6%         ∞         100%        8
 Shatter                  Erth           6%         3d9*      100%        9


Dungeon Overview and Level Annotations

Branches:
Dungeon (10/15)            Temple (0/1) D:4            Lair (6/6) D:10
 Shoals (0/4) Lair:2       Spider (0/4) Lair:2        Slime (0/5) Lair:6
Ossuary (visited)          Bailey (visited)
    Orc: D:9-12

Altars:
Cheibriados
Gozag
Kikubaaqudgha
Ru
Vehumet
Wu Jian
Xom
Zin

Shops:
D:6 ?

Portals:
Abyss: D:4

Annotations:
D:4 2 transporters, Ishikawa's ghost, novice DsFi
D:5 Froggeryz's ghost, novice HuBe
Lair:2 3 runed translucent doors, Majang's ghost, journeyman FoFi
Lair:6 exclusion: obsidian statue, minorukun's ghost, journeyman GrEE


Innate Abilities, Weirdness & Mutations

You have a pair of large horns on your head.
You are completely covered in razor-sharp scales. (AC +3, Slay +3)
Spells you cast may paralyse adjacent enemies.
Armour fits poorly on your strangely shaped body.
Your body sometimes deteriorates upon taking damage.
Your flesh is heat resistant. (rF+)


Message History

Casting: Sticky Flame (mildly dangerous; 1% risk of failure)
Confirm with . or Enter, or press ? or * to list all spells.
Aiming: Sticky Flame (mildly dangerous; 1% risk of failure)
Press: ? - help, Shift-Dir - straight line, f/p - minotaur
Aim: a minotaur, wearing a +1 plate armour of willpower and quivering silver javelins (lightly wounded, covered in liquid flames, 100% to hit)
The sticky flame hits the minotaur!
The minotaur is moderately wounded.
The minotaur is covered in liquid flames!
Malevolent energies surge around you.
The minotaur burns!
The minotaur completely misses you. The minotaur gores you.
Casting: Sticky Flame (mildly dangerous; 1% risk of failure)
Confirm with . or Enter, or press ? or * to list all spells.
Aiming: Sticky Flame (mildly dangerous; 1% risk of failure)
Press: ? - help, Shift-Dir - straight line, f/p - minotaur
Aim: a minotaur, wearing a +1 plate armour of willpower and quivering silver javelins (moderately wounded, covered in liquid flames, 100% to hit)
The sticky flame hits the minotaur.
The minotaur is moderately wounded.
Malevolent energies surge around you.
The minotaur burns!
The minotaur closely misses you. The minotaur gores you!
Casting: Sticky Flame (mildly dangerous; 1% risk of failure)
Confirm with . or Enter, or press ? or * to list all spells.
Aiming: Sticky Flame (mildly dangerous; 1% risk of failure)
Press: ? - help, Shift-Dir - straight line, f/p - minotaur
Aim: a minotaur, wearing a +1 plate armour of willpower and quivering silver javelins (moderately wounded, covered in liquid flames, 100% to hit)
The sticky flame hits the minotaur.
The minotaur is moderately wounded.
Malevolent energies surge around you.
The minotaur burns!
The minotaur hits you. The minotaur completely misses you.
Casting: Sticky Flame (mildly dangerous; 1% risk of failure)
Confirm with . or Enter, or press ? or * to list all spells.
Aiming: Sticky Flame (mildly dangerous; 1% risk of failure)
Press: ? - help, Shift-Dir - straight line, f/p - minotaur
Aim: a minotaur, wearing a +1 plate armour of willpower and quivering silver javelins (heavily wounded, covered in liquid flames, 100% to hit)
The sticky flame hits the minotaur.
The minotaur is heavily wounded.
Malevolent energies surge around you.
The minotaur burns!
The minotaur hits you!!
* * * LOW HITPOINT WARNING * * *
The minotaur gores you!
You die...
Your body crumbles into a pile of gold.

#................................
#.#.#..#.........................
#.$#.####..#.#.......#..#..#...#.
#...## #####..#####.####P#######
#..## #...# ### ### #. #H.#
##...### ### ##
#..#########......####.###### ##
...#..##........H#.#.#...P#.####.
................@................
................<................
.............####................
......###.########....###....###.
........######..##...#.######.###
.......#..#.##...#........##.....
..............................<..
.................................
...............#.#.#.....##...##.


You could see a minotaur (burning).

Vanquished Creatures
  2 dire elephants (Lair:6)
  3 hydras
  A catoblepas (Lair:5)
  4 death yaks
  A spectral death yak (Lair:6)
  A spectral anaconda (Lair:6)
  4 necromancers (Lair:6)
  3 oklob plants
  A merfolk siren (Lair:2)
  23 elephants
  4 black mambas
  A gargoyle (D:10)
  A dire elephant zombie (Lair:6)
  13 cane toads
  A torpor snail (Lair:6)
  A dire elephant skeleton (Lair:6)
  8 komodo dragons
  Maggie (D:6)
  A rime drake (Lair:6)
  2 trolls (D:9)
  A polar bear (Lair:5)
  2 jumping spiders (Lair:2)
  2 hornets (D:9)
  A spectral elephant (Lair:6)
  A dream sheep (Lair:6)
  16 blink frogs
  A redback (Lair:2)
  3 wyverns
  A wraith (D:9)
  41 yaks
  A basilisk (Lair:6)
  Menkaure (D:7)
  2 vampire mosquitoes (D:10)
  12 water moccasins
  2 spectral cane toads (Lair:6)
  Duvessa (D:7)
  3 orc warriors
  3 sky beasts
  An ice beast (D:7)
  4 black bears
  A hornet zombie (D:8)
  4 ogres
  11 wolves
  3 centaurs
  An elephant skeleton (Lair:6)
  9 bullfrogs
  2 kobold brigands
  Blork the orc (D:5)
  2 scorpions
  A wyvern zombie (D:7)
  9 gnoll sergeants
  2 cane toad simulacra (Lair:6)
  3 water moccasin zombies (Ossuary)
  2 water moccasin skeletons
  Dowan (D:7)
  An elephant simulacrum (Lair:6)
  5 wights (D:8)
  21 killer bees
  2 howler monkeys (D:9)
  A bullfrog zombie (D:5)
  3 centaur zombies
  2 orc priests
  5 hounds
  8 gnoll shamans
  Crazy Yiuf (D:7)
  3 jellies
  Jessica (D:3)
  2 iguanas
  An orc wizard (D:9)
  A killer bee zombie (D:5)
  A hound skeleton (D:4)
  2 mummies (Ossuary)
  26 gnolls
  10 adders
  A shadow imp (D:6)
  2 ufetubi
  7 adder zombies (Ossuary)
  A dart slug (D:3)
  19 orcs
  9 ball pythons
  4 bats
  3 endoplasms
  A giant cockroach (D:3)
  12 goblins
  9 hobgoblins
  5 jackals (D:1)
  7 quokkas
  4 frilled lizards
  4 gnoll zombies (Ossuary)
  6 hobgoblin zombies (Ossuary)
  19 kobolds
  7 kobold zombies (Ossuary)
  7 orc zombies (Ossuary)
  2 rats
452 creatures vanquished.

Vanquished Creatures (collateral kills)
  22 foxfires
22 creatures vanquished.

Vanquished Creatures (others)
  A yak (Lair:6)
  A spectral cane toad (Lair:6)
  3575 foxfires
  56 fungi
  77 plants
  24 withered plants (Lair:6)
3734 creatures vanquished.

Grand Total: 4208 creatures vanquished

Notes
Turn   | Place    | Note
-------+----------+-------------------------------------------
     0 | D:1      | FIQ the Demonspawn Fire Elementalist began the quest for
                  | the Orb.
     0 | D:1      | Reached XP level 1. HP: 13/13 MP: 3/3
   192 | D:1      | Found a faded altar of an unknown god.
   287 | D:1      | Gained mutation: You have a pair of small horns on your
                  | head. [demonic ancestry]
   287 | D:1      | Reached XP level 2. HP: 19/19 MP: 1/5
   316 | D:1      | Became a worshipper of Gozag Ym Sagoz the Greedy
  1290 | D:1      | Reached XP level 3. HP: 24/24 MP: 1/6
  2169 | D:2      | Reached skill level 2 in Conjurations
  2174 | D:2      | Reached XP level 4. HP: 25/30 MP: 0/7
  2834 | D:3      | Noticed Jessica
  2840 | D:3      | Killed Jessica
  2940 | D:3      | Found a radiant altar of Vehumet.
  3070 | D:3      | Noticed an ogre
  3082 | D:3      | Killed an ogre
  3083 | D:3      | Reached XP level 5. HP: 35/35 MP: 1/9
  3684 | D:3      | Found a sacrificial altar of Ru.
  3939 | D:4      | Reached skill level 3 in Conjurations
  3978 | D:4      | Found a one-way gate to the infinite horrors of the Abyss.
  3978 | D:4      | Noticed a small abomination
  4054 | D:4      | Found a staircase to the Ecumenical Temple.
  4233 | D:4      | Noticed an ogre
  4246 | D:4      | Killed an ogre
  4247 | D:4      | Gained mutation: You are partially covered in razor-sharp
                  | scales. (AC +1, Slay +1) [demonic ancestry]
  4247 | D:4      | Reached XP level 6. HP: 41/41 MP: 2/11
  4509 | D:4      | Noticed Ishikawa's ghost (novice DsFi)
  4518 | D:4      | Found a transporter.
  4534 | D:4      | Found a transporter.
  4848 | D:4      | Found an ornate altar of the Wu Jian Council.
  5285 | D:5      | Entered Level 5 of the Dungeon
  5387 | D:5      | Gained mutation: You are mostly covered in razor-sharp
                  | scales. (AC +2, Slay +2) [demonic ancestry]
  5387 | D:5      | Reached XP level 7. HP: 31/46 MP: 6/12
  5582 | D:5      | Reached skill level 4 in Conjurations
  5868 | D:5      | Noticed Blork the orc
  5875 | D:5      | Killed Blork the orc
  5876 | D:5      | Reached skill level 5 in Fire Magic
  5876 | D:5      | Gained mutation: You have a pair of horns on your head.
                  | [demonic ancestry]
  5876 | D:5      | Reached XP level 8. HP: 50/52 MP: 8/14
  6148 | D:5      | Found a snail-covered altar of Cheibriados.
  6537 | D:6      | Found a runed translucent door.
  6538 | D:6      | Noticed Froggeryz's ghost (novice HuBe)
  6636 | D:6      | Learned a level 2 spell: Blink
  6641 | D:6      | Learned a level 4 spell: Sticky Flame
  6731 | D:6      | Identified the ring of Nosaumy {rElec AC+4 Dex+2}
  6894 | D:6      | Reached skill level 5 in Conjurations
  6933 | D:6      | Reached skill level 5 in Spellcasting
  6935 | D:6      | Reached skill level 5 in Dodging
  7105 | D:6      | Identified the +6 quarterstaff of the Hungering Big Fish
                  | {vorpal, Int+3}
  7225 | D:6      | Noticed Maggie
  7239 | D:6      | Killed Maggie
  7413 | D:6      | Found Ziynt's Magic Scroll Shop.
  8298 | D:6      | Reached XP level 9. HP: 57/57 MP: 9/17
  8505 | D:7      | Reached skill level 6 in Conjurations
  8758 | D:7      | Found an ancient bone altar of Kikubaaqudgha.
  8770 | D:7      | Found a shimmering altar of Xom.
  8778 | D:7      | Noticed Menkaure
  8782 | D:7      | Noticed Duvessa
  8783 | D:7      | Noticed Dowan
  8784 | D:7      | Killed Menkaure
  8790 | D:7      | Killed Dowan
  8793 | D:7      | Killed Duvessa
  9526 | D:7      | Found an opulent altar of Gozag.
  9840 | D:7      | Found a runed translucent door.
  9841 | D:7      | Noticed Crazy Yiuf
  9983 | D:7      | Killed Crazy Yiuf
 10078 | D:8      | Found a sand-covered staircase.
 10087 | Ossuary  | Entered an ossuary
 10140 | Ossuary  | Reached skill level 1 in Armour
 10165 | Ossuary  | Reached skill level 7 in Conjurations
 10740 | D:8      | Gained mutation: You have a pair of large horns on your
                  | head. [potion of mutation]
 10740 | D:8      | Gained mutation: You tend to lose your temper in combat.
                  | [potion of mutation]
 11315 | D:8      | Reached XP level 10. HP: 62/63 MP: 15/20
 11829 | D:9      | Paralysed by a hornet for 1 turns
 11831 | D:9      | Reached skill level 1 in Shields
 12229 | D:9      | Found a flagged portal.
 12236 | Bailey   | Entered a bailey
 12615 | Bailey   | Learned a level 3 spell: Inner Flame
 12621 | Bailey   | Learned a level 5 spell: Fireball
 13982 | D:9      | Reached skill level 8 in Conjurations
 15066 | D:10     | Entered Level 10 of the Dungeon
 15084 | D:10     | Found a staircase to the Lair.
 15084 | D:10     | Noticed an elephant
 15740 | D:10     | Gained mutation: Spells you cast may paralyse adjacent
                  | enemies. [demonic ancestry]
 15740 | D:10     | Reached XP level 11. HP: 67/68 MP: 14/22
 16476 | Lair:1   | Entered Level 1 of the Lair of Beasts
 17525 | Lair:1   | Noticed an oklob plant
 17527 | Lair:1   | Noticed an oklob plant
 18222 | Lair:1   | Killed an oklob plant
 18223 | Lair:1   | Reached skill level 5 in Armour
 18234 | Lair:1   | Killed an oklob plant
 18235 | Lair:1   | Reached skill level 9 in Conjurations
 19171 | Lair:2   | Found a staircase to the Shoals.
 19806 | D:9      | Lost mutation: You tend to lose your temper in combat.
                  | [potion of mutation]
 19806 | D:9      | Lost mutation: You have a pair of large horns on your head.
                  | [potion of mutation]
 19806 | D:9      | Gained mutation: You are frail. (-10% HP) [potion of
                  | mutation]
 20011 | Lair:2   | Found a runed translucent gate.
 20011 | Lair:2   | Found a runed translucent gate.
 20012 | Lair:2   | Found a runed translucent gate.
 20014 | Lair:2   | Noticed Majang's ghost (journeyman FoFi)
 20135 | Lair:2   | Found a hole to the Spider Nest.
 20768 | Lair:3   | Reached XP level 12. HP: 66/66 MP: 19/25
 21623 | Lair:3   | Reached skill level 10 in Conjurations
 22061 | Lair:4   | Found a snail-covered altar of Cheibriados.
 22421 | Lair:4   | You fall into a shaft and drop 1 floor!
 22426 | Lair:5   | Noticed a death yak
 22442 | Lair:5   | Noticed an eight-headed hydra
 22493 | Lair:4   | Killed an eight-headed hydra
 22927 | Lair:5   | Noticed a four-headed hydra
 22936 | Lair:5   | Killed a four-headed hydra
 22944 | Lair:5   | Noticed an eight-headed hydra
 23410 | Lair:5   | Reached skill level 10 in Fire Magic
 23526 | Lair:5   | Noticed a catoblepas
 23534 | Lair:5   | Killed a death yak
 23877 | Lair:5   | Reached skill level 10 in Spellcasting
 24259 | Lair:5   | Killed an eight-headed hydra
 24645 | Lair:6   | Entered Level 6 of the Lair of Beasts
 25216 | Lair:6   | Gained mutation: You are completely covered in razor-sharp
                  | scales. (AC +3, Slay +3) [demonic ancestry]
 25216 | Lair:6   | Reached XP level 13. HP: 62/71 MP: 14/27
 25378 | Lair:6   | Reached skill level 11 in Conjurations
 25882 | Lair:6   | Found a staircase to the Slime Pits.
 26929 | Lair:6   | Noticed a minotaur
 26929 | Lair:6   | Noticed minorukun's ghost (journeyman GrEE)
 27118 | Lair:6   | Found a runed translucent gate.
 27118 | Lair:6   | Found a runed translucent gate.
 27118 | Lair:6   | Found a runed translucent gate.
 27420 | Lair:6   | Noticed a dire elephant
 28253 | Lair:6   | Noticed a dire elephant
 28277 | Lair:6   | Killed a dire elephant
 29732 | Lair:5   | Reached skill level 12 in Conjurations
 30547 | Lair:6   | Killed a dire elephant
 30548 | Lair:6   | Reached XP level 14. HP: 59/74 MP: 3/29
 31022 | Lair:6   | Identified the ring "Liphoez" {Will+ EV+4 Int+3}
 31032 | Lair:6   | Learned a level 5 spell: Bolt of Magma
 31153 | Lair:6   | Lost mutation: You are frail. (-10% HP) [potion of
                  | mutation]
 31153 | Lair:6   | Gained mutation: You have a pair of large horns on your
                  | head. [potion of mutation]
 31153 | Lair:6   | Gained mutation: Your body sometimes deteriorates upon
                  | taking damage. [potion of mutation]
 31153 | Lair:6   | Gained mutation: Armour fits poorly on your strangely
                  | shaped body. [potion of mutation]
 31153 | Lair:6   | Gained mutation: Your flesh is heat resistant. (rF+)
                  | [potion of mutation]
 31586 | Lair:6   | Slain by a minotaur

Illustrated notes

Levels and vault maps discovered:
D:1:      dpeg_arrival_houses_and_road, layout_rooms,
          ebering_ecumenical_altar_hall, st_stairs_4, kennysheep_small_spiral
D:2:      layout_loops_cross, minmay_randomly_rotated_circles
D:3:      layout_loops_ring, nicolae_ru_the_path_less_chosen, vehumet_crystals,
          minmay_between, uniq_jessica
D:4:      layout_layer_cave, nicolae_wu_jian_wuxing_cycle,
          minmay_temple_entry_waves, gammafunk_ghost_abyssal_escape
D:5:      layout_basic, mainiacjoe_overflow_brackets, uniq_blork_the_orc
D:6:      layout_gridville, gammafunk_ghost_grave, serial_shops, shop,
          uniq_maggie
D:7:      layout_loops_ring, grunt_temple_overflow_gold_and_silver,
          mainiacjoe_overflow_large_starburst, chequers_decorated_corner,
          uniq_menkaure, uniq_duvessa, uniq_crazy_yiuf_cottage
D:8:      layout_basic, enter_ossuary_1, kennysheep_small_square
D:9:      layout_stronghold, enter_bailey_2
D:10:     layout_cave_pools, david_lair_generic, feat_on_display
Lair:1:   layout_concentric_octagons, minmay_lair_oklob_chamber
Lair:2:   layout_regular_city, minmay_shoals_entry_lonely_mermaid,
          spider_nest_entry_a, gammafunk_ghost_necromancy
Lair:3:   layout_gridlike, kennysheep_catoblepas_arena
Lair:4:   layout_hall_layers, lemuel_oklob_altar
Lair:5:   layout_long_grid, nicolae_lair_yak_garden
Lair:6:   due_jungle_book, layout_long_grid, nicolae_slime_entry_slimehenge,
          maelrawn_ghost_gauntlet_escape

Skill      XL: |  1  2  3  4  5  6  7  8  9 10 11 12 13 |
---------------+----------------------------------------+-----
Dodging        | 2 3 4 5 6 |  6.3
Fire Magic     | 3 4 5 6 7 8 9 10 11 | 11.5
Conjurations   | 2 3 4 5 7 8 9 10 12 | 12.2
Spellcasting   | 3 4 5 6 7 9 10 11 | 11.4
Armour         | 2 4 6 7 9 |  9.6
Shields        | 3 4 |  4.0
Stealth        | |  1.7

Action                   |  1- 3 |  4- 6 |  7- 9 | 10-12 | 13-15 || total
-------------------------+-------+-------+-------+-------+-------++-------
Melee: Unarmed           |     3 |       |       |       |       ||     3
       Dagger            |     6 |    16 |    16 |       |       ||    38
       Headbutt          |     1 |     2 |     4 |    10 |    12 ||    29
       Quarterstaff      |       |       |    19 |    61 |    42 ||   122
 Cast: Foxfire           |    72 |   119 |   410 |   973 |   465 ||  2039
       Blink             |       |       |     9 |     9 |     6 ||    24
       Sticky Flame      |       |       |     6 |     5 |    17 ||    28
       Inner Flame       |       |       |       |    24 |    10 ||    34
       Fireball          |       |       |       |    56 |    66 ||   122
Evoke: Wand              |       |       |       |       |     1 ||     1
  Use: Scroll            |       |       |    15 |     8 |     1 ||    24
       Potion            |       |       |     6 |     5 |     3 ||    14
 Stab: Paralysed         |       |       |       |     7 |    11 ||    18
       Distracted        |       |       |       |     1 |       ||     1
Armor: Robe              |    11 |    15 |    86 |    73 |       ||   185
       Swamp dragon scal |       |       |       |   205 |   219 ||   424
Dodge: Dodged            |    38 |    38 |   174 |   456 |   275 ||   981

Table legend: (Time is in decaauts)
 A = Elapsed time spent in this place.
 B = Non-inter-level travel time spent in this place.
 C = Inter-level travel time spent in this place.
 D = Time resting spent in this place.
 E = Time spent auto-exploring this place.
 F = Levels seen in this place.
 G = Mean time per level.
                   A        B        C        D        E       F      G
               +--------+--------+--------+--------+--------+-----+--------+
         Total |  31713 |  30171 |   1542 |    480 |  22565 |  18 | 1761.8 |
       Dungeon |  14535 |  13413 |   1122 |    117 |  10319 |  10 | 1453.5 |
          Lair |  15038 |  14619 |    419 |    363 |  10704 |   6 | 2506.3 |
       Ossuary |    633 |    633 |      0 |      0 |    516 |   1 |  633.0 |
        Bailey |   1506 |   1506 |      0 |      0 |   1026 |   1 | 1506.0 |
               +--------+--------+--------+--------+--------+-----+--------+

Top non-repeatable levels by time:
  Lair:6: 5107 daAuts
  Lair:5: 3370 daAuts
  Lair:1: 2836 daAuts
     D:9: 2163 daAuts
     D:6: 1871 daAuts
     D:7: 1619 daAuts
     D:1: 1513 daAuts
  Bailey: 1506 daAuts
     D:5: 1430 daAuts
     D:4: 1353 daAuts
  Lair:2: 1328 daAuts
  Lair:3: 1237 daAuts
     D:3: 1230 daAuts
     D:2: 1187 daAuts
  Lair:4: 1158 daAuts
